 Dungeon Crawl Stone Soup version 0.24.1-8-ga250c9d538 (webtiles) character file.

Game seed: 14873108686569793209, levelgen mode: deterministic

397 Hugehornet the Insei (level 6, 0/38 HPs)
             Began as an Octopode Transmuter on May 8, 2020.
             Succumbed to an orc's poison
             ... on level 4 of the Dungeon.
             The game lasted 00:06:10 (3756 turns).

Hugehornet the Insei (Octopode Transmuter)          Turns: 3756, Time: 00:06:10

Health: 0/38       AC:  2    Str:  9    XL:     6   Next: 83%
Magic:  10/11      EV: 19    Int: 18    God:
Gold:   150        SH:  3    Dex: 17    Spells: 2/12 levels left

rFire    . . .     SeeInvis .     - Unarmed
rCold    . . .     Gourm    .   (shield currently unavailable)
rNeg     . . .     Faith    .   (helmet currently unavailable)
rPois    x         Spirit   .   j - +3 amulet of reflection
rElec    .         Reflect  +   (no ring)
rCorr    .         Harm     .   (no ring)
MR       .....                  (no ring)
Stlth    ++........             (no ring)
HPRegen  0.12/turn              (no ring)
MPRegen  0.12/turn              (no ring)
                                (no ring)
                                (no ring)

@: lethally poisoned (0 -> -12), spider-form
A: tiny, almost no armour, stealthy swim, (amphibious), 8 rings, (constrict 8)
a: End Transformation


You were on level 4 of the Dungeon.
You were not hungry.
You were a venomous arachnid creature.
You visited 1 branch of the dungeon, and saw 4 of its levels.

You collected 150 gold pieces.

Inventory:

Missiles
 a - 35 arrows
Jewellery
 j - a +3 amulet of reflection (around neck)
Scrolls
 b - 2 scrolls of teleportation {unknown}
 d - a scroll of fear {unknown}
 f - a scroll of amnesia {unknown}
 g - 2 scrolls of noise {unknown}
 i - a scroll of remove curse {unknown}
 o - a scroll of enchant weapon {unknown}
 p - a scroll of magic mapping {unknown}
 r - a scroll of blinking {unknown}
 s - a scroll of enchant armour {unknown}
Potions
 e - a potion of invisibility
 h - a potion of curing
 k - 2 potions of might
 l - a potion of lignification
 m - 2 potions of ambrosia
 n - a potion of mutation {unknown}
 q - a potion of flight {unknown}
Comestibles
 c - 8 rations


   Skills:
 - Level 1.0 Fighting
 - Level 2.0 Dodging
 * Level 4.4 Unarmed Combat
 + Level 3.6 Spellcasting
 + Level 3.8 Transmutations
 * Level 1.6 Ice Magic
 - Level 3.0 Poison Magic


You had 2 spell levels left.
You knew the following spells:

 Your Spells              Type           Power        Failure   Level  Hunger
a - Beastly Appendage     Tmut           ###...       11%         1    None
b - Sticks to Snakes      Tmut           ###.....     14%         2    ##.....
c - Spider Form           Tmut/Pois      ###.......   26%         3    ###....
d - Ice Form              Ice/Tmut       ##......     67%         4    ####...

Your spell library contained the following spells:

 Spells                   Type           Power        Failure   Level  Hunger
 Blade Hands              Tmut           ###.......   83%         5    ######.


Dungeon Overview and Level Annotations

Branches:
Dungeon (4/15)
 Temple: D:4-7

Altars:
Nemelex Xobeh
Sif Muna


Innate Abilities, Weirdness & Mutations

You cannot wear most types of armour.
You are very stealthy in the water. (Stealth+)
((You are amphibious.))
You can wear up to eight rings at the same time.
((You can use your tentacles to constrict eight enemies at once.))
((Your skin changes colour to match your surroundings (Stealth+).))
((Your rubbery body absorbs attacks. (AC +1, EV +1)))


Message History

You hit the orc wizard.
The orc wizard is poisoned.
The orc wizard is severely wounded.
You feel sick. The orc completely misses you.
The orc wizard hits you but does no damage.
You barely miss the orc wizard.
The orc wizard is severely wounded.
You feel sick.
You kill the orc wizard!
You block the orc's attack.
You hit the ogre.
The ogre is lightly wounded.
You feel sick. The ogre completely misses you. You block the orc's attack.
You hit the ogre.
The ogre is poisoned.
The ogre is lightly wounded.
You feel sick.
The ogre hits you with a +0 giant spiked club!
* * * LOW HITPOINT WARNING * * *
You hit the ogre.
The ogre looks as sick as possible!
The ogre is moderately wounded.
You die...

####### .......
.Oo>... .......
....... ..(....
#######.......
#....so.......
#...$oO........
#...............
#...............
#................
###................
#..................
#.............#....
#...............#..


You could see an ogre and 2 orcs.

Vanquished Creatures
  A hound (D:4)
  4 orc priests
  Crazy Yiuf (D:2)
  3 orc wizards
  Robin (D:2)
  3 adders
  An ooze (D:4)
  2 adder skeletons
  A worm (D:4)
  3 dart slugs
  4 leopard geckos
  8 orcs
  3 giant cockroaches
  13 goblins
  9 hobgoblins
  4 jackals (D:3)
  4 kobolds
  4 quokkas
  A ball python (D:1)
  6 bats
  5 frilled lizards
  A leopard gecko skeleton (D:4)
  3 rats
85 creatures vanquished.

Notes
Turn   | Place    | Note
-------+----------+-------------------------------------------
     0 | D:1      | Hugehornet the Octopode Transmuter began the quest for the
                  | Orb.
     0 | D:1      | Reached XP level 1. HP: 13/13 MP: 3/3
   121 | D:1      | Found a shimmering blue altar of Sif Muna.
   142 | D:1      | Reached XP level 2. HP: 17/18 MP: 1/5
   744 | D:1      | Reached XP level 3. HP: 18/23 MP: 6/6
   761 | D:1      | Learned a level 2 spell: Sticks to Snakes
   765 | D:1      | Learned a level 3 spell: Spider Form
   874 | D:2      | Reached skill level 1 in Poison Magic
  1236 | D:2      | Found a sparkling altar of Nemelex Xobeh.
  1382 | D:2      | Noticed Robin
  1388 | D:2      | Reached XP level 4. HP: 22/28 MP: 3/8
  1394 | D:2      | Killed Robin
  1854 | D:2      | Found a runed translucent door.
  1855 | D:2      | Noticed Crazy Yiuf
  1865 | D:2      | Killed Crazy Yiuf
  1968 | D:3      | Reached XP level 5. HP: 25/33 MP: 7/9
  2201 | D:3      | Reached XP level 6. HP: 10/38 MP: 7/11
  2447 | D:3      | Learned a level 4 spell: Ice Form
  2464 | D:3      | Reached skill level 4 in Unarmed Combat
  3107 | D:3      | You fall into a shaft and drop 1 floor!
  3404 | D:4      | Reached skill level 1 in Ice Magic
  3411 | D:4      | HP: 1/38 [something (2)]
  3755 | D:4      | HP: 1/38 [ogre/+0 giant spiked club (13)]
  3756 | D:4      | Succumbed to an orc's poison

Levels and vault maps discovered:
D:1:      tarquinn_simple_flora_water_e, layout_loops_corners,
          chequers_serial_rivers_micro_d, kennysheep_flooded_box
D:2:      layout_loops_ring, nemelex_diamond_rough_becter,
          uniq_crazy_yiuf_cottage, uniq_robin
D:3:      layout_basic, first_ration, minivault_26
D:4:      layout_rooms, minmay_temple_entry_grid, minmay_manual_maat

Skill      XL: |  1  2  3  4  5  6 |
---------------+-------------------+-----
Transmutations | 3 |  3.8
Poison Magic   | 1 3 |  3.0
Spellcasting   | 3 |  3.6
Unarmed Combat | 4 |  4.4
Ice Magic      | 1 |  1.6
Fighting       | |  1.0
Dodging        | |  2.0

Action                   |  1- 3 |  4- 6 || total
-------------------------+-------+-------++-------
Melee: Unarmed           |    70 |   126 ||   196
       Constrict         |    15 |    25 ||    40
       Kick              |    12 |    16 ||    28
       Tentacles         |     6 |    14 ||    20
       Punch             |     1 |     1 ||     2
 Cast: Beastly Appendage |    23 |    15 ||    38
       Spider Form       |     1 |     5 ||     6
  Use: Scroll            |       |     3 ||     3
       Potion            |       |     3 ||     3
 Stab: Sleeping          |     8 |     1 ||     9
  Eat: Chunk             |     2 |     8 ||    10
Armor: Skin              |     4 |    11 ||    15
Dodge: Dodged            |    42 |    85 ||   127
Block: Other             |     8 |    20 ||    28
